 Dungeon Crawl Stone Soup version 0.18.1-6-gd335043 (webtiles) character file.

3663 Moloch the Severer (level 9, -15/75 HPs)
             Began as a Minotaur Fighter on May 19, 2016.
             Was a Priest of Okawaru.
             Demolished by a boulder beetle (19 damage)
             ... on level 8 of the Dungeon.
             The game lasted 00:10:53 (6745 turns).

Moloch the Severer (Minotaur Fighter)               Turns: 6745, Time: 00:10:53

Health: -15/75     AC: 11    Str: 22    XL:     9   Next: 89%
Magic:  7/8        EV:  7    Int:  5    God:    Okawaru [***...]
Gold:   497        SH:  9    Dex: 12    Spells: 0 memorised, 8 levels left

rFire  + . .     SeeInvis .     a - +0 war axe
rCold  . . .     Gourm    .     r - +0 chain mail
rNeg   . . .     Faith    .     c - +0 shield
rPois  .         Spirit   .     v - +2 hat
rElec  .         Dismiss  .     (no cloak)
rCorr  .         Reflect  .     l - -2 pair of gloves (curse)
SustAt .         Harm     .     u - +0 pair of boots
MR     .....                    h - amulet of rage
Stlth  ..........               w - +2 ring of evasion
                                b - ring of protection from fire

@: not resistant to hostile enchantments, extremely unstealthy
A: retaliatory headbutt, horns 2
a: Heroism, Renounce Religion, Evoke Berserk Rage


You were on level 8 of the Dungeon.
You worshipped Okawaru.
Okawaru was most pleased with you.
You were not hungry.

You visited 2 branches of the dungeon, and saw 9 of its levels.
You also visited: Ossuary.

You collected 497 gold pieces.

Inventory:

Hand Weapons
 a - a +0 war axe (weapon)
Missiles
 F - a throwing net (quivered)
Armour
 c - a +0 shield (worn)
 l - a cursed -2 pair of gloves (worn)
 r - a +0 chain mail (worn)
 u - a +0 pair of boots (worn)
 v - a +2 hat (worn)
Jewellery
 b - a ring of protection from fire (left hand)
 h - an amulet of rage (around neck)
 w - a +2 ring of evasion (right hand)
Wands
 A - a wand of iceblast (7/15)
 I - a wand of iceblast (14/15)
 J - a wand of teleportation (1/9)
Scrolls
 g - 2 scrolls of fog {unknown}
 k - 3 scrolls of immolation {unknown}
 n - 3 scrolls of teleportation
 p - 2 scrolls of recharging {unknown}
 y - a scroll of enchant weapon {unknown}
 B - a scroll of remove curse
 D - 4 scrolls of identify
 E - a scroll of fear {unknown}
Potions
 d - 2 potions of might
 e - 4 potions of mutation {unknown}
 i - 5 potions of lignification
 j - 8 potions of curing
 o - 6 potions of agility
 q - 4 potions of flight
 s - 2 potions of brilliance
 x - a potion of degeneration
 C - a potion of magic {unknown}
 G - a potion of cure mutation {unknown}
Comestibles
 f - 8 bread rations
 m - 4 fruits
 t - 3 meat rations
 z - a slice of pizza
 H - 3 chunks of flesh


   Skills:
 + Level 5.7 Fighting
 * Level 15.5 Axes
 - Level 3.6 Armour
 - Level 3.6 Shields


You had 8 spell levels left.
You didn't know any spells.

Dungeon Overview and Level Annotations

Branches:
Dungeon (8/15)             Temple (1/1) D:4            Lair (0/8) D:8

Altars:
Ashenzari
Cheibriados
Gozag
Makhleb
Nemelex Xobeh
Okawaru
Qazlal
Ru
Sif Muna
Trog
Vehumet
Xom
Zin
The Shining One

Shops:
D:4 }


Innate Abilities, Weirdness & Mutations

You reflexively headbutt those who attack you in melee.
You have a pair of horns on your head.


Message History

The boulder beetle bites you!!
* * * LOW HITPOINT WARNING * * *
You are too injured to fight recklessly!
You are too injured to fight recklessly!
You are too injured to fight recklessly!
You are too injured to fight recklessly!
You are too injured to fight recklessly!
You are too injured to fight recklessly!
Evoke which item? (* to show all) (? for menu, Esc to quit)
Okay, then.
You hit the boulder beetle.
The boulder beetle is almost dead.
You hit the boulder beetle.
The boulder beetle is almost dead.
Drink which item? (? for menu, Esc to quit)
Okay, then.
Your chain mail prevents you from hitting the boulder beetle.
The boulder beetle is almost dead.
The boulder beetle bites you!!
You die...

.........# #.#
...####### #.#
.......#
#.##############
##.###.#
#...............
#.# #.#
######.#########
#.# #.# #.# #...
#.# #.# #.# #...
##'###.# #######
#.# #...
.....#.# #...@B#
#.# #...
.....#.# #.###.#
#.# ####
.....#.# #.# #.#
.....#.# #.# #.#
##'###.# #.# #.#
#.# #.########
#.# #.# ##.#
#........# #.#
#.# ...#
########.# #.#
#.# ####
#.###.#####.#
######


You could see a boulder beetle.

Vanquished Creatures
  A komodo dragon (D:8)
  A hungry ghost (D:8)
  A hippogriff (D:7)
  Menkaure (D:5)
  A water moccasin (D:8)
  Duvessa (D:4)
  An orc warrior (D:8)
  3 ice beasts
  3 ogres
  A phantom (D:6)
  A centaur (D:6)
  Blork the orc (D:6)
  Dowan (D:4)
  2 water moccasin zombies (Ossuary)
  2 scorpions
  5 killer bees (D:7)
  5 howler monkeys
  A centaur zombie (D:7)
  2 giant frog zombies
  4 crimson imps
  2 jellies
  4 orc wizards
  5 orc priests
  2 giant frog skeletons
  Jessica (D:2)
  2 iguanas
  5 worker ants
  4 big kobold zombies (Ossuary)
  2 hound skeletons (D:4)
  2 mummies (Ossuary)
  A worker ant zombie (D:8)
  Robin (D:3)
  4 gnolls (D:4)
  12 adders
  7 river rats (D:7)
  A shadow imp (D:8)
  An adder zombie (Ossuary)
  5 worms
  4 dart slugs
  5 giant geckos
  14 orcs
  4 ball pythons
  2 bats (D:2)
  3 giant cockroaches
  3 gnoll zombies (Ossuary)
  15 goblins
  11 hobgoblins
  6 jackals
  3 quokkas
  A giant gecko skeleton (D:4)
  4 giant newts
  5 hobgoblin zombies (Ossuary)
  3 kobolds (D:1)
  7 kobold zombies (Ossuary)
  3 orc zombies (Ossuary)
  17 rats
209 creatures vanquished.

Vanquished Creatures (others)
  A plant (D:8)
1 creature vanquished.

Grand Total: 210 creatures vanquished

Notes
Turn   | Place    | Note
--------------------------------------------------------------
     0 | D:1      | Moloch the Minotaur Fighter began the quest for the Orb.
     0 | D:1      | Reached XP level 1. HP: 19/19 MP: 0/0
    73 | D:1      | Reached skill level 3 in Axes
   279 | D:1      | Reached XP level 2. HP: 26/26 MP: 1/1
   653 | D:1      | Reached skill level 4 in Axes
   679 | D:1      | Reached XP level 3. HP: 30/31 MP: 2/2
   843 | D:2      | Reached skill level 5 in Axes
  1091 | D:2      | Noticed Jessica
  1095 | D:2      | Killed Jessica
  1095 | D:2      | Reached XP level 4. HP: 39/39 MP: 3/3
  1098 | D:2      | Identified Jessica's Compendium of Talismans
  1216 | D:2      | Reached skill level 6 in Axes
  1324 | D:2      | Reached XP level 5. HP: 45/45 MP: 4/4
  1598 | D:3      | Noticed Robin
  1605 | D:3      | Killed Robin
  1861 | D:4      | Noticed an ogre
  1868 | D:4      | Killed an ogre
  1868 | D:4      | Reached skill level 7 in Axes
  1869 | D:4      | Reached XP level 6. HP: 25/51 MP: 5/5
  1871 | D:4      | Reached skill level 8 in Axes
  2153 | D:4      | Noticed Dowan
  2156 | D:4      | Noticed Duvessa
  2548 | D:4      | Killed Duvessa
  2548 | D:4      | Reached skill level 9 in Axes
  2561 | D:4      | Killed Dowan
  2561 | D:4      | Reached XP level 7. HP: 48/57 MP: 6/6
  2629 | D:4      | Found Qyposhri's Gadget Shop.
  2736 | D:4      | Found a staircase to the Ecumenical Temple.
  2872 | Temple   | Entered the Ecumenical Temple
  2926 | Temple   | Became a worshipper of Warmaster Okawaru
  2981 | D:5      | Entered Level 5 of the Dungeon
  3042 | D:5      | Reached skill level 10 in Axes
  3130 | D:5      | Found an iron altar of Okawaru.
  3219 | D:5      | Reached skill level 11 in Axes
  3219 | D:5      | Reached XP level 8. HP: 50/64 MP: 7/7
  3317 | D:5      | Found a snail-covered altar of Cheibriados.
  3679 | D:5      | Got an encrusted cloak
  3685 | D:5      | Identified the +0 cloak of the Pits of Slime {*Corrode Dex+5} (You found it on level 5 of the Dungeon)
  3707 | D:5      | Noticed Menkaure
  3971 | D:5      | Killed Menkaure
  3971 | D:5      | Reached * piety under Okawaru
  4155 | D:6      | Reached skill level 12 in Axes
  4175 | D:6      | Noticed Blork the orc
  4182 | D:6      | Killed Blork the orc
  4587 | D:6      | Reached skill level 13 in Axes
  4766 | D:7      | Found a sand-covered staircase.
  4802 | Ossuary  | Entered an ossuary
  5125 | D:7      | Found a sparkling altar of Nemelex Xobeh.
  5125 | D:7      | Found an opulent altar of Gozag.
  5127 | D:7      | Reached XP level 9. HP: 71/71 MP: 8/8
  5313 | D:7      | Reached ** piety under Okawaru
  5327 | D:7      | Reached skill level 14 in Axes
  5368 | D:7      | Found a sacrificial altar of Ru.
  6107 | D:8      | Found a shattered altar of Ashenzari.
  6137 | D:8      | Reached skill level 5 in Fighting
  6323 | D:8      | Found a sparkling altar of Nemelex Xobeh.
  6360 | D:8      | Reached skill level 15 in Axes
  6463 | D:8      | Found a glowing golden altar of the Shining One.
  6523 | D:8      | Found a staircase to the Lair.
  6524 | D:8      | Noticed a komodo dragon
  6536 | D:8      | Killed a komodo dragon
  6536 | D:8      | Reached *** piety under Okawaru
  6742 | D:8      | HP: 3/75 [boulder beetle (28)]
  6745 | D:8      | Demolished by a boulder beetle

Skill      XL: |  1  2  3  4  5  6  7  8  9 |
---------------+----------------------------+-----
Axes           | 3 4 5 6 7 9 11 13 15 | 15.5
Fighting       | 5 |  5.7
Armour         | |  3.6
Shields        | |  3.6

Action                   |  1- 3 |  4- 6 |  7- 9 || total
-------------------------+-------+-------+-------++-------
Melee: War axe           |    84 |   113 |   405 ||   602
       Headbutt          |    10 |    27 |    81 ||   118
Invok: Heroism           |       |       |     2 ||     2
  Use: Scroll            |       |       |    10 ||    10
       Potion            |       |       |     1 ||     1
 Stab: Distracted        |       |       |     1 ||     1
  Eat: Chunk             |     1 |     4 |    14 ||    19
       Beef jerky        |       |       |     1 ||     1
Armor: Scale mail        |    32 |    10 |       ||    42
       Chain mail        |       |    30 |   108 ||   138
       Skin              |       |       |    33 ||    33
Dodge: Dodged            |    29 |    15 |    82 ||   126
Block: Shield            |    41 |    61 |   131 ||   233
